[Event "Titled Tuesday Blitz January 25 2022"]
[White "Orlov, Georgi"]
[Black "Martinez Ramirez, Lennis"]
[WhiteFideId "2011271"]
[BlackFideId "3509079"]
[WhiteElo "2459"]
[BlackElo "2374"]
[Result "0-1"]
[Round "07"]
[TimeControl "180+1"]
[Date "2022.01.26"]
[WhiteClock "0:00:08"]
[BlackClock "0:01:12"]

1. d4 d5 2. Nf3 Nf6 3. c4 c6 4. Nc3 g6 5. cxd5 Nxd5 6. e4 Nxc3 7. bxc3 Bg7 8. Be3 O-O 9. Qd2 Re8 10. Bh6 Bh8 11. h4 e5 12. Bg5 Qa5 13. Bd3 exd4 14. cxd4 Qxd2+ 15. Kxd2 Bg4 16. Ne5 Be6 17. Be3 c5 18. f4 Nc6 19. d5 Nxe5 20. fxe5 Bg4 21. Bxc5 Bxe5 22. Rab1 b6 23. Be3 Bd6 24. Rhc1 Rad8 25. Bg5 Rd7 26. Rc6 Kg7 27. Rbc1 h6 28. Be3 f5 29. Bd4+ Kf7 30. Rxd6 Rxd6 31. e5 Rxd5 32. Bc4 Rd8 33. Bxd5+ Rxd5 34. Ke3 Rd7 35. Rc6 f4+ 36. Kd3 Be6 37. Kc3 g5 38. hxg5 hxg5 39. a4 Ke7 40. a5 bxa5 41. Bc5+ Kf7 42. Bd4 a4 43. Ra6 Rc7+ 44. Kd2 Bd5 45. Rf6+ Kg7 46. Rg6+ Kxg6 0-1


[Site "https://www.chess.com"]

[Event "Titled Tuesday Blitz January 25 2022"]
[White "Pajeken, Jakob Leon"]
[Black "Djordjevic, Vuk"]
[WhiteFideId "12942839"]
[BlackFideId "902098"]
[WhiteElo "2351"]
[BlackElo "2463"]
[Result "0-1"]
[Round "07"]
[TimeControl "180+1"]
[Date "2022.01.26"]
[WhiteClock "0:00:03"]
[BlackClock "0:00:47"]

1. d4 Nf6 2. Nf3 e6 3. Bf4 d5 4. e3 Bd6 5. Bg3 O-O 6. Bd3 c5 7. dxc5 Bxc5 8. a3 Nc6 9. O-O Qe7 10. c4 Rd8 11. Qe2 dxc4 12. Bxc4 Ne4 13. Nbd2 Nxg3 14. hxg3 a6 15. Rac1 b5 16. Bxb5 axb5 17. Nb3 Bxa3 18. Rxc6 Bd6 19. Rd1 Bb7 20. Rb6 b4 21. e4 Qc7 22. Qe3 Rac8 23. e5 Be7 24. Rc1 Qd7 25. Rxc8 Rxc8 26. Qd4 Qxd4 27. Nfxd4 Bd5 28. Na5 Bc5 29. Rd6 Bxd4 0-1


[Site "https://www.chess.com"]

[Event "Titled Tuesday Blitz January 25 2022"]
[White "Pakleza, Zbigniew"]
[Black "Okike, David"]
[WhiteFideId "1119290"]
[BlackFideId "8500134"]
[WhiteElo "2467"]
[BlackElo "2232"]
[Result "1-0"]
[Round "07"]
[TimeControl "180+1"]
[Date "2022.01.26"]
[WhiteClock "0:00:30"]
[BlackClock "0:00:59"]

1. d4 Nf6 2. Nf3 e6 3. Bf4 c5 4. c3 Qb6 5. Qb3 d5 6. Nbd2 Be7 7. e3 O-O 8. Be2 c4 9. Qc2 Qd8 10. O-O b5 11. b3 a5 12. a4 cxb3 13. Qxb3 bxa4 14. Qxa4 Bd7 15. Bb5 Qc8 16. c4 Nc6 17. c5 Nb4 18. h3 Qb7 19. Bxd7 Qxd7 20. Ne5 Qc8 21. Rfb1 Rd8 22. Nb3 Nc2 23. Nc6 Rd7 24. Ra2 Nb4 25. Nxb4 Ne4 26. Rc1 Rb7 27. Nxa5 Rba7 28. Nbc6 Bd8 29. Nxa7 Rxa7 30. Qe8# 1-0


[Site "https://www.chess.com"]

[Event "Titled Tuesday Blitz January 25 2022"]
[White "Pandey Srishti"]
[Black "Maevsky, Nikolay"]
[WhiteFideId "35093290"]
[BlackFideId "4198220"]
[WhiteElo "1832"]
[BlackElo "2104"]
[Result "1/2-1/2"]
[Round "07"]
[TimeControl "180+1"]
[Date "2022.01.26"]
[WhiteClock "0:00:17"]
[BlackClock "0:00:02"]

1. d4 d5 2. c4 Nc6 3. cxd5 Qxd5 4. Nf3 e5 5. dxe5 Qxd1+ 6. Kxd1 Bg4 7. Nbd2 Nge7 8. h3 Bxf3 9. Nxf3 Ng6 10. Kc2 O-O-O 11. a3 Ngxe5 12. Nxe5 Nxe5 13. Bf4 Ng6 14. Bg3 Bd6 15. Bxd6 Rxd6 16. e3 Rhd8 17. f4 Rd2+ 18. Kc3 Rf2 19. Bd3 Rxg2 20. Rag1 Rf2 21. Rf1 Rxf1 22. Rxf1 Ne7 23. Rg1 g6 24. e4 Kd7 25. Bc4 Ke8 26. h4 Kf8 27. h5 Rd6 28. hxg6 hxg6 29. b4 Rf6 30. Rg4 Rd6 31. Rh4 Kg7 32. Rh1 Nc6 33. Re1 Rd8 34. e5 Ne7 35. e6 f5 36. Re5 a6 37. b5 axb5 38. Rxb5 b6 39. a4 Nc6 40. Rb1 Kf6 41. Rh1 Nd4 42. e7 Kxe7 43. Rh7+ Kd6 44. Kxd4 Re8 45. Bd3 Ra8 46. Bc2 c6 47. Rg7 b5 48. Rxg6+ Kc7 49. axb5 cxb5 50. Kc5 Ra2 51. Rg7+ Kd8 52. Bxf5 Rf2 53. Rg4 Ke7 54. Bc8 Rc2+ 55. Kxb5 Rxc8 56. Rg1 Kf6 57. Rf1 Kf5 1/2-1/2


[Site "https://www.chess.com"]

[Event "Titled Tuesday Blitz January 25 2022"]
[White "Pap, Gyula"]
[Black "Poliannikov, Danila"]
[WhiteFideId "725323"]
[BlackFideId "30935245"]
[WhiteElo "2553"]
[BlackElo "2555"]
[Result "1/2-1/2"]
[Round "07"]
[TimeControl "180+1"]
[Date "2022.01.26"]
[WhiteClock "0:00:04"]
[BlackClock "0:00:05"]

1. e4 e5 2. Nf3 Nc6 3. Bb5 a6 4. Ba4 Nf6 5. O-O Nxe4 6. d4 b5 7. Bb3 d5 8. dxe5 Be6 9. Qe2 Na5 10. c3 Be7 11. Bc2 O-O 12. Rd1 Bf5 13. Nbd2 Nxc3 14. bxc3 Bxc2 15. Re1 c5 16. Nf1 Bg6 17. Ng3 Qd7 18. h4 h6 19. h5 Bh7 20. Bf4 Rad8 21. Rad1 Qe6 22. Qe3 Nc4 23. Qc1 Rfe8 24. Re2 Bf8 25. Ree1 Qg4 26. Nh2 Qe6 27. Nf3 a5 28. a3 Bf5 29. Nh4 Bh7 30. Nf3 Be7 31. Re2 a4 32. Ree1 Bf5 33. Nxf5 Qxf5 34. Bg3 Qxh5 35. e6 fxe6 36. Rxe6 Bf6 37. Rc6 d4 38. cxd4 cxd4 39. Qb1 d3 40. Rxd3 Rxd3 41. Qxd3 Qf7 42. Rc7 Rd8 43. Qf5 Qe8 44. Kh2 Kh8 45. Rb7 Qf8 46. Qg6 Nd6 47. Ra7 Qe8 48. Qc2 Ne4 49. Bc7 Qh5+ 50. Kg1 Rc8 51. Qc6 Ng5 52. Ra8 Rxa8 53. Qxa8+ Kh7 54. Nxg5+ Qxg5 55. Qe4+ Qg6 56. Qb4 Qf5 57. Bg3 Qd5 58. Qb1+ g6 59. Qb4 h5 60. Qf8 Bg7 61. Qe7 Qd1+ 62. Kh2 Qd5 63. f3 Kh6 64. Bf4+ Kh7 65. Bg3 Qf5 66. Qb7 Kh6 67. Qc7 g5 68. Qc6+ Bf6 69. Qe8 h4 70. Bd6 Qg6 71. Bf8+ Kh7 72. Qd7+ Bg7 73. Bxg7 Qxg7 74. Qxb5 Qc7+ 75. Kg1 Qc1+ 76. Kh2 Qf4+ 77. Kg1 Qc1+ 78. Kh2 Qf4+ 79. Kg1 Qc1+ 1/2-1/2


[Site "https://www.chess.com"]

[Event "Titled Tuesday Blitz January 25 2022"]
[White "Papasimakopoulos, Alexandros"]
[Black "Dauner, Benedikt"]
[WhiteFideId "4244125"]
[BlackFideId "16225899"]
[WhiteElo "2340"]
[BlackElo "2230"]
[Result "1-0"]
[Round "07"]
[TimeControl "180+1"]
[Date "2022.01.26"]
[WhiteClock "0:01:45"]
[BlackClock "0:00:01"]

1. d4 d5 2. c4 e6 3. Nc3 a6 4. cxd5 exd5 5. Qb3 Bd6 6. Nf3 c6 7. e4 dxe4 8. Ng5 Nh6 9. Bc4 O-O 10. Ncxe4 b5 11. Be2 Nf5 12. Nf3 Be6 13. Qc2 Be7 14. O-O Nxd4 15. Nxd4 Qxd4 16. Be3 Qe5 17. f4 Qc7 18. f5 Bd5 19. f6 Bd6 20. Nxd6 Qxd6 21. Bc5 Qd8 22. Bxf8 Qxf8 23. Bf3 Nd7 24. Bxd5 cxd5 25. fxg7 Qxg7 26. Qc6 Rd8 27. Qxd5 Qf8 28. Rad1 Qe7 29. Rd3 Rb8 30. Qxd7 Qe5 1-0


[Site "https://www.chess.com"]

[Event "Titled Tuesday Blitz January 25 2022"]
[White "Pesotskiy, Mikhail"]
[Black "Yaksin, Oleg"]
[WhiteFideId "34164453"]
[BlackFideId "24105880"]
[WhiteElo "2010"]
[BlackElo "2256"]
[Result "0-1"]
[Round "07"]
[TimeControl "180+1"]
[Date "2022.01.26"]
[WhiteClock "0:00:02"]
[BlackClock "0:00:09"]

1. d4 Nf6 2. c4 e6 3. Nc3 Bb4 4. Qc2 O-O 5. a3 Bxc3+ 6. Qxc3 d6 7. Bg5 Nbd7 8. e3 Re8 9. Bd3 e5 10. Ne2 h6 11. Bh4 Qe7 12. O-O b6 13. b4 Bb7 14. Rac1 c5 15. bxc5 dxc5 16. d5 e4 17. Bb1 g5 18. Bg3 Ne5 19. Bxe5 Qxe5 20. Qxe5 Rxe5 21. f3 exf3 22. Rxf3 Ne4 23. Ng3 Nd2 24. Rf6 Rxe3 25. Rxh6 Rae8 26. Bh7+ Kf8 27. Nf5 Re1+ 28. Rxe1 Rxe1+ 29. Kf2 Rd1 30. Nd6 Ba6 31. Rf6 Rf1+ 32. Ke2 Rxf6 33. Kxd2 Rxd6 0-1


[Site "https://www.chess.com"]

[Event "Titled Tuesday Blitz January 25 2022"]
[White "Petrovskyi, Vadym"]
[Black "Carlsson, Ludvig"]
[WhiteFideId "14165210"]
[BlackFideId "1727010"]
[WhiteElo "2424"]
[BlackElo "2178"]
[Result "0-1"]
[Round "07"]
[TimeControl "180+1"]
[Date "2022.01.26"]
[WhiteClock "0:00:07"]
[BlackClock "0:00:26"]

1. e4 e5 2. Nf3 Nc6 3. d4 exd4 4. Bc4 Bc5 5. c3 Nf6 6. O-O dxc3 7. Nxc3 O-O 8. e5 Ng4 9. Ne4 Bb6 10. Bf4 Qe7 11. Qd5 Nb4 12. Qd2 d5 13. Bxd5 Nxd5 14. Qxd5 c6 15. Qd2 Rd8 16. Qc3 f6 17. h3 Nxe5 18. Nxe5 Bd4 19. Nxf6+ Qxf6 20. Qg3 Rf8 21. Rad1 Qxf4 22. Qxf4 Rxf4 23. Nd3 Rf8 24. Rfe1 Bf5 25. Nf4 Rad8 26. g4 Bc2 27. Rd2 Rxf4 28. Rxc2 Rdf8 29. Ree2 Rxf2 30. Rxf2 Rxf2 31. Rxf2 Bxf2+ 32. Kxf2 Kf7 33. Ke3 g5 34. Kd4 Ke6 35. b4 b6 36. a3 h6 37. Ke4 c5 38. b5 Kd6 39. Kf5 Kd5 40. Kg6 c4 41. Kxh6 c3 42. Kxg5 c2 43. h4 c1=Q+ 44. Kg6 Qf4 45. Kh5 Ke5 46. a4 Qxa4 47. g5 Kf5 48. g6 Qg4+ 49. Kh6 Qxg6# 0-1


[Site "https://www.chess.com"]

[Event "Titled Tuesday Blitz January 25 2022"]
[White "Piorun, Kacper"]
[Black "Parkhov, Yair"]
[WhiteFideId "1130420"]
[BlackFideId "2813408"]
[WhiteElo "2571"]
[BlackElo "2164"]
[Result "0-1"]
[Round "07"]
[TimeControl "180+1"]
[Date "2022.01.26"]
[WhiteClock "0:00:08"]
[BlackClock "0:00:07"]

1. c4 e6 2. d4 b6 3. Nf3 Bb7 4. Bf4 Bb4+ 5. Nfd2 Nc6 6. a3 Be7 7. Nf3 Nf6 8. h3 O-O 9. e3 d5 10. Nc3 Na5 11. cxd5 Nxd5 12. Nxd5 Qxd5 13. Bd3 c5 14. Qc2 cxd4 15. Bxh7+ Kh8 16. Bd3 Rac8 17. Qe2 Nb3 18. Rd1 Qa5+ 19. Kf1 Nc1 20. b4 Qxa3 21. Rxc1 Bxf3 22. gxf3 Rxc1+ 23. Kg2 Rxh1 24. Kxh1 dxe3 25. Bxe3 Qxb4 26. f4 g6 27. Kh2 Rd8 28. Bc1 Kg8 29. Be4 Rd4 30. Bf3 Bd6 31. Kg2 Bxf4 32. Qf1 Qc4 33. Qe1 Bxc1 34. Qe5 Bf4 35. Qe1 Rd2 36. h4 Qd4 37. Kf1 Be5 38. h5 gxh5 39. Bxh5 Qf4 40. Bd1 Bd4 41. Be2 Qg5 42. Qc1 Qf4 43. Qe1 Kg7 44. Kg2 Kf6 45. Kf1 Qxf2+ 46. Qxf2+ Bxf2 47. Bf3 Rc2 48. Be4 Rb2 49. Bd3 Ke5 50. Bc4 f5 51. Bd3 f4 0-1


[Site "https://www.chess.com"]

[Event "Titled Tuesday Blitz January 25 2022"]
[White "Pranav, V"]
[Black "Grafil, Franz Robert"]
[WhiteFideId "25060783"]
[BlackFideId "5205298"]
[WhiteElo "2349"]
[BlackElo "2211"]
[Result "1-0"]
[Round "07"]
[TimeControl "180+1"]
[Date "2022.01.26"]
[WhiteClock "0:00:16"]
[BlackClock "0:00:01"]

1. e4 e6 2. d4 d5 3. Nc3 Bb4 4. e5 c5 5. a3 Bxc3+ 6. bxc3 Ne7 7. h4 Qa5 8. Bd2 Qa4 9. h5 h6 10. Nf3 Nbc6 11. Rh4 Nf5 12. Rf4 c4 13. g4 Nfe7 14. g5 Bd7 15. gxh6 gxh6 16. Nh2 Nf5 17. Ng4 O-O-O 18. Nf6 Nce7 19. Bh3 Qa5 20. Kf1 Ba4 21. Qb1 Qc7 22. Qb2 b5 23. Kg1 Nc6 24. Kh2 Nce7 25. Rg1 a5 26. Qc1 Rdf8 27. Rf3 Qd8 28. Bf4 Qc7 29. Bd2 Qd8 30. Rf4 Qc7 31. Rfg4 Qd8 32. Bf4 Qc7 33. R4g2 Qb6 34. Qd1 Qd8 35. Qe2 Qc7 36. Bc1 Qd8 37. Bf4 Qc7 38. Rd1 Qd8 39. Rd2 Qc7 40. Qf3 Qd8 41. Bg3 Qc7 42. Nxd5 Nxd5 43. Bxf5 Nxc3 44. Qxc3 exf5 45. d5 Qc5 46. e6 fxe6 47. Qe5 f4 48. Bxf4 Rxf4 49. Qxf4 1-0


[Site "https://www.chess.com"]

[Event "Titled Tuesday Blitz January 25 2022"]
[White "Prieto Aranguren, Alain"]
[Black "Williams, Simon K"]
[WhiteFideId "2268906"]
[BlackFideId "404454"]
[WhiteElo "2235"]
[BlackElo "2468"]
[Result "1-0"]
[Round "07"]
[TimeControl "180+1"]
[Date "2022.01.26"]
[WhiteClock "0:00:12"]
[BlackClock "0:00:09"]

1. e4 c5 2. Nf3 d6 3. Bc4 Nf6 4. d3 Nc6 5. O-O Bg4 6. Nc3 e6 7. Bg5 Be7 8. a3 Nd4 9. Nb5 Nxf3+ 10. gxf3 Bh3 11. Re1 a6 12. Nc3 Nd7 13. Bxe7 Qxe7 14. f4 Qh4 15. Qf3 g5 16. Qg3 Rg8 17. Kh1 Qxg3 18. hxg3 gxf4 19. gxf4 Ke7 20. Rg1 Bg4 21. Rg3 b5 22. Bb3 Rg6 23. Rag1 Rag8 24. Kg2 Bh5 25. Rh1 Rxg3+ 26. fxg3 Bg6 27. Kf3 h5 28. Nd1 Nb8 29. Ne3 Nc6 30. c3 Kf6 31. Bd1 Ne7 32. Kf2 a5 33. Bxh5 Bxh5 34. Rxh5 Rb8 35. g4 b4 36. axb4 axb4 37. Nc4 d5 38. Ne5 Kg7 39. Rg5+ Kh7 40. Nxf7 b3 41. f5 exf5 42. gxf5 Ra8 43. f6 Ra2 44. Rg7# 1-0


[Site "https://www.chess.com"]

[Event "Titled Tuesday Blitz January 25 2022"]
[White "Putnam, Liam"]
[Black "Abarca Gonzalez, Nicolas"]
[WhiteFideId "30938279"]
[BlackFideId "3409422"]
[WhiteElo "2035"]
[BlackElo "2504"]
[Result "0-1"]
[Round "07"]
[TimeControl "180+1"]
[Date "2022.01.26"]
[WhiteClock "0:00:51"]
[BlackClock "0:01:58"]

1. d4 Nf6 2. Bg5 Ne4 3. Bf4 c5 4. d5 Qb6 5. Bc1 c4 6. e3 e6 7. Nf3 Qa5+ 8. Nbd2 c3 9. bxc3 Nxc3 10. Nc4 Qxd5 11. Qxd5 Nxd5 12. Bb2 Bb4+ 13. Kd1 O-O 14. e4 Nc3+ 15. Bxc3 Bxc3 16. Rb1 d5 17. exd5 Rd8 18. d6 Nd7 19. Rb3 Bf6 20. Rb5 a6 21. Rb1 b5 22. Na5 Nc5 23. c4 Ne4 0-1


[Site "https://www.chess.com"]

[Event "Titled Tuesday Blitz January 25 2022"]
[White "Rastbod, Ali"]
[Black "Ruperez Benito, Antonio"]
[WhiteFideId "12567477"]
[BlackFideId "22245049"]
[WhiteElo "2200"]
[BlackElo "2249"]
[Result "0-1"]
[Round "07"]
[TimeControl "180+1"]
[Date "2022.01.26"]
[WhiteClock "0:01:55"]
[BlackClock "0:01:27"]

1. c4 c6 2. Nf3 d5 3. g3 Nf6 4. Bg2 g6 5. b3 Bg7 6. Bb2 O-O 7. O-O a5 8. Nc3 Nbd7 9. Rc1 Ne4 10. Qc2 Nxc3 11. Bxc3 Bxc3 12. Qxc3 dxc4 13. Qxc4 Nf6 14. d4 Be6 15. Qc5 a4 16. Nd2 axb3 17. axb3 Ra5 18. Qc2 Qxd4 19. Nc4 Bxc4 20. bxc4 Rfa8 21. Rfd1 Qe5 22. e3 Ra2 23. Qd3 Rb2 24. Rf1 Raa2 25. h3 Qxg3 0-1


[Site "https://www.chess.com"]

[Event "Titled Tuesday Blitz January 25 2022"]
[White "Romanchuk, Viktor"]
[Black "Rychagov, Andrey"]
[WhiteFideId "14109271"]
[BlackFideId "4119932"]
[WhiteElo "2242"]
[BlackElo "2500"]
[Result "0-1"]
[Round "07"]
[TimeControl "180+1"]
[Date "2022.01.26"]
[WhiteClock "0:00:01"]
[BlackClock "0:00:05"]

1. d4 f5 2. Nc3 Nf6 3. Bg5 d5 4. f3 Nc6 5. Qd2 Be6 6. O-O-O Bf7 7. e4 fxe4 8. fxe4 Nxe4 9. Nxe4 dxe4 10. d5 Ne5 11. Qd4 Qd6 12. Bf4 Nd3+ 13. Bxd3 Qxf4+ 14. Kb1 O-O-O 15. Bxe4 e5 16. Ne2 exd4 17. Nxf4 Bd6 18. Ne6 Bxe6 19. dxe6 c5 20. g3 Rdf8 21. Rhf1 Kd8 22. Bxb7 Ke7 23. Bd5 Rf6 24. Rxf6 gxf6 25. c3 Be5 26. Kc2 h5 27. cxd4 Bxd4 28. b4 h4 29. bxc5 Bxc5 30. Bb3 Bd6 31. gxh4 Rxh4 32. Rd2 f5 33. Rg2 Be5 34. Kd3 Rh3+ 35. Ke2 f4 36. Rf2 Re3+ 37. Kd2 Bc3+ 38. Kc2 f3 39. Kd1 Re1+ 40. Kc2 Re2+ 41. Kxc3 Rxf2 42. Kd3 Re2 43. Bd5 Rxh2 44. Bxf3 Rxa2 45. Bd5 Ra4 46. Kc3 Ra5 47. Bc4 Kd6 48. Kb4 Rc5 49. Bb3 Re5 50. Kc4 Kc6 51. Kc3 Kc5 52. Ba2 a5 53. Kb2 Re2+ 54. Ka3 Re4 55. Bb3 Kb5 56. Ba2 Re3+ 57. Kb2 Kb4 58. Bd5 Re5 59. Ba2 Re2+ 60. Ka1 Ka3 61. Bb1 Rxe6 62. Bc2 Re2 63. Bb1 Rd2 64. Be4 Ra2+ 65. Kb1 Re2 66. Bd3 Re1+ 67. Kc2 Re5 68. Kb1 Re3 69. Bf5 Kb3 70. Ka1 Re2 71. Bb1 a4 72. Bd3 Rf2 73. Bb1 a3 0-1


[Site "https://www.chess.com"]

[Event "Titled Tuesday Blitz January 25 2022"]
[White "Sadhwani, Raunak"]
[Black "Liyanage, Ranindu Dilshan"]
[WhiteFideId "35093487"]
[BlackFideId "9915834"]
[WhiteElo "2616"]
[BlackElo "1858"]
[Result "1-0"]
[Round "07"]
[TimeControl "180+1"]
[Date "2022.01.26"]
[WhiteClock "0:01:40"]
[BlackClock "0:00:36"]

1. e4 e6 2. d4 d5 3. Nc3 Bb4 4. e5 c5 5. a3 Bxc3+ 6. bxc3 Ne7 7. h4 Qc7 8. h5 h6 9. Rb1 Nbc6 10. Qg4 Rg8 11. Bd3 c4 12. Bh7 Nxe5 13. Qg3 Nd3+ 14. cxd3 Qxg3 15. fxg3 Rh8 16. dxc4 Rxh7 17. c5 Nc6 18. Nf3 Na5 19. g4 Nc4 20. g5 b6 21. g6 fxg6 22. hxg6 Rh8 23. Bf4 Bd7 24. Ne5 Rf8 25. O-O bxc5 26. Nxc4 dxc4 27. Be5 cxd4 28. Bxd4 Ke7 29. Bc5+ 1-0


[Site "https://www.chess.com"]

[Event "Titled Tuesday Blitz January 25 2022"]
[White "Sadovsky, Artem"]
[Black "Obolenskikh, Dmitry"]
[WhiteFideId "4155840"]
[BlackFideId "4156013"]
[WhiteElo "2369"]
[BlackElo "2512"]
[Result "0-1"]
[Round "07"]
[TimeControl "180+1"]
[Date "2022.01.26"]
[WhiteClock "0:00:08"]
[BlackClock "0:00:24"]

1. Nf3 d6 2. g3 e5 3. Bg2 Nc6 4. O-O Bg4 5. d4 Bxf3 6. Bxf3 exd4 7. Bxc6+ bxc6 8. Qxd4 Qd7 9. Bg5 h6 10. Bh4 Qe6 11. Nc3 f6 12. Qa4 Ne7 13. g4 g5 14. Bg3 h5 15. f3 Rb8 16. Qe4 Qxe4 17. Nxe4 Bg7 18. Rab1 Kf7 19. b3 Kg6 20. h3 f5 21. gxf5+ Nxf5 22. Bf2 Bd4 23. Bxd4 Nxd4 24. Kf2 d5 25. Nc5 Rbe8 26. Rbe1 Rhf8 27. c3 Nb5 28. Rc1 Nd6 29. Rfe1 Ne4+ 30. Nxe4 dxe4 31. Kg3 h4+ 32. Kg2 Rf4 33. Rf1 Rd8 34. Rc2 e3 35. Rfc1 Rf5 36. c4 Kf6 37. Rc3 Re5 38. R1c2 Kf5 39. Kf1 Kf4 40. Kg2 Re6 41. c5 Re5 42. Rc4+ Kf5 43. R2c3 Rd2 44. Rc2 Red5 45. Kf1 Rd1+ 46. Kg2 R5d2 47. b4 Re1 48. R2c3 Rexe2+ 49. Kf1 Rf2+ 50. Ke1 Rde2+ 51. Kd1 Rxa2 52. Rxe3 Ra1+ 53. Rc1 Rf1+ 54. Ke2 Raxc1 55. Ra3 Rce1+ 56. Kd2 Rd1+ 57. Ke2 Rfe1+ 58. Kf2 Re7 59. Rxa7 Rd2+ 60. Kf1 Kf4 61. Ra3 Re3 0-1


[Site "https://www.chess.com"]

[Event "Titled Tuesday Blitz January 25 2022"]
[White "Sadykov, Ramil"]
[Black "Goryachkina, Aleksandra"]
[WhiteFideId "24113590"]
[BlackFideId "4147103"]
[WhiteElo "2300"]
[BlackElo "2426"]
[Result "0-1"]
[Round "07"]
[TimeControl "180+1"]
[Date "2022.01.26"]
[WhiteClock "0:00:02"]
[BlackClock "0:01:01"]

1. e4 c6 2. d4 d5 3. exd5 cxd5 4. Bd3 Nc6 5. c3 Nf6 6. Nf3 Bg4 7. h3 Bh5 8. Bf4 e6 9. O-O Bd6 10. Bxd6 Qxd6 11. Re1 O-O 12. Nbd2 Rab8 13. Qe2 Rfe8 14. Qe3 Qc7 15. Ne5 Nxe5 16. dxe5 Nd7 17. Nb3 b5 18. Nd4 b4 19. Nb5 Qb6 20. cxb4 Bg6 21. Nd6 Red8 22. Bxg6 hxg6 23. Qxb6 Rxb6 24. f4 Rxb4 25. g3 Rxb2 26. a4 Nc5 27. a5 Ne4 28. Nxe4 dxe4 29. Rxe4 Rdd2 30. Kf1 Rh2 31. Kg1 Rbg2+ 32. Kf1 Rxg3 0-1


[Site "https://www.chess.com"]

[Event "Titled Tuesday Blitz January 25 2022"]
[White "Sanal, Vahap"]
[Black "Zarubitski, Viachaslau"]
[WhiteFideId "6300545"]
[BlackFideId "13509373"]
[WhiteElo "2603"]
[BlackElo "2325"]
[Result "0-1"]
[Round "07"]
[TimeControl "180+1"]
[Date "2022.01.26"]
[WhiteClock "0:00:06"]
[BlackClock "0:00:47"]

1. Nf3 d5 2. b3 Nf6 3. Bb2 c6 4. g3 Bf5 5. Bg2 e6 6. O-O h6 7. d3 Be7 8. Nbd2 O-O 9. Nh4 Bh7 10. e4 a5 11. a3 c5 12. Kh1 Nc6 13. f4 a4 14. bxa4 dxe4 15. dxe4 Rxa4 16. c4 Ra8 17. Bc3 Qc7 18. e5 Nd7 19. Ne4 f5 20. Nd6 Rad8 21. Nb5 Qb8 22. Qh5 Nb6 23. Ng6 Bxg6 24. Qxg6 Qc8 25. g4 Nxc4 26. gxf5 Rxf5 27. Rg1 Bf8 28. Bh3 Ne7 29. Qg3 Qc6+ 30. Qg2 Qxb5 31. Rab1 Qc6 32. Qxc6 bxc6 33. Bxf5 Nxf5 34. a4 Ra8 35. a5 Nd4 36. Rg2 Nb5 37. Be1 Ne3 38. Ra2 Ra6 39. Rd1 Nd5 40. Bg3 Nbc3 0-1


[Site "https://www.chess.com"]

[Event "Titled Tuesday Blitz January 25 2022"]
[White "Sapunov, Evgeny"]
[Black "Petesch, Gabriel"]
[WhiteFideId "4126661"]
[BlackFideId "2032465"]
[WhiteElo "2470"]
[BlackElo "2374"]
[Result "1-0"]
[Round "07"]
[TimeControl "180+1"]
[Date "2022.01.26"]
[WhiteClock "0:01:12"]
[BlackClock "0:00:02"]

1. c4 c6 2. Nf3 Nf6 3. b3 g6 4. Bb2 Bg7 5. g3 O-O 6. Bg2 d5 7. O-O Na6 8. Qc2 Bf5 9. d3 Rc8 10. Nbd2 Nc7 11. b4 dxc4 12. Nxc4 Nb5 13. a4 Nd6 14. Nce5 Nd7 15. Rfc1 Nxe5 16. Nxe5 a6 17. Qb3 Be6 18. Qa3 Qb6 19. Rab1 Rfd8 20. Qa1 Nf5 21. Nf3 Bxb2 22. Qxb2 Nd4 23. Ng5 Bg4 24. Re1 h6 25. Ne4 Bf5 26. a5 Qc7 27. Nc5 Ne6 28. Na4 Rb8 29. e4 Bg4 30. h3 Bh5 31. g4 Qf4 32. gxh5 Qg5 33. Re3 Nf4 34. Rg3 Qxh5 35. Qd2 Ne2+ 36. Kh2 Nxg3 37. fxg3 Qe5 38. Rd1 h5 39. d4 Qg7 40. h4 Rd6 41. Qe3 Rbd8 42. d5 cxd5 43. exd5 e6 44. Nc5 exd5 45. Nxb7 Re6 46. Qf2 Rde8 47. Rd2 d4 48. Nc5 Re3 49. b5 axb5 50. a6 Qe5 51. Nd7 Qc7 52. Nf6+ Kg7 53. Nxe8+ Rxe8 54. Qxd4+ f6 55. a7 Re7 56. a8=Q 1-0


[Site "https://www.chess.com"]

[Event "Titled Tuesday Blitz January 25 2022"]
[White "Saravana, Krishnan P."]
[Black "Gelman, Alexander"]
[WhiteFideId "5018382"]
[BlackFideId "4118316"]
[WhiteElo "2210"]
[BlackElo "2375"]
[Result "1-0"]
[Round "07"]
[TimeControl "180+1"]
[Date "2022.01.26"]
[WhiteClock "0:01:37"]
[BlackClock "0:00:57"]

1. e4 c5 2. Nf3 e6 3. g3 Nc6 4. Bg2 Nf6 5. Qe2 d6 6. O-O Be7 7. c3 O-O 8. d4 d5 9. e5 Ne4 10. Nbd2 Nxd2 11. Bxd2 Qb6 12. Be3 cxd4 13. cxd4 Bd7 14. Rfd1 Rfc8 15. Rac1 Nb4 16. Bg5 Bxg5 17. Rxc8+ Rxc8 18. Nxg5 h6 19. Nf3 Rc2 20. Rd2 Rc1+ 21. Rd1 Bb5 22. Qd2 Rc2 23. Qxb4 Qc6 24. Bf1 Bxf1 25. Rxf1 b6 26. Kg2 a5 27. Qd6 Qb5 28. Qd8+ Kh7 29. Re1 Qxb2 30. Rf1 Qxa2 31. Qxb6 a4 32. Qb1 Qc4 33. Rc1 1-0


[Site "https://www.chess.com"]

[Event "Titled Tuesday Blitz January 25 2022"]
[White "Sargsyan, Anna M."]
[Black "Maksimovic, Bojan"]
[WhiteFideId "13308130"]
[BlackFideId "14408120"]
[WhiteElo "2271"]
[BlackElo "2450"]
[Result "1-0"]
[Round "07"]
[TimeControl "180+1"]
[Date "2022.01.26"]
[WhiteClock "0:00:01"]
[BlackClock "0:00:02"]

1. d4 d5 2. c4 e5 3. dxe5 d4 4. Nf3 Nc6 5. Bf4 Nge7 6. Nbd2 Ng6 7. Bg3 h5 8. h3 h4 9. Bh2 Bf5 10. Qb3 Qd7 11. O-O-O O-O-O 12. e4 dxe3 13. fxe3 Bc5 14. Be2 Qe7 15. e4 Be6 16. Nb1 Nd4 17. Nxd4 Rxd4 18. Nc3 c6 19. Kb1 Rhd8 20. Na4 Rxd1+ 21. Rxd1 Bd4 22. a3 Bxe5 23. Bg1 b6 24. Bxb6 axb6 25. Qxb6 Rxd1+ 26. Bxd1 Qc7 27. Qa6+ Kd7 28. Nb6+ Ke7 29. Ba4 Bd4 30. Na8 Qa7 31. Qxc6 Ne5 32. Qe8+ Kf6 33. Bb5 Kg6 34. Qd8 Bc5 35. a4 Be7 36. Qe8 Qg1+ 37. Ka2 Bf6 38. Nc7 Kg5 39. Nxe6+ fxe6 40. Qxe6 Qxg2 41. Qf5+ Kh6 42. Be8 Qg5 43. Qe6 Qd2 44. Qg8 Qg5 45. Qh8# 1-0


[Site "https://www.chess.com"]

[Event "Titled Tuesday Blitz January 25 2022"]
[White "Seemann, Jakub"]
[Black "Nazari, Arad"]
[WhiteFideId "21874697"]
[BlackFideId "12577324"]
[WhiteElo "2003"]
[BlackElo "2120"]
[Result "1-0"]
[Round "07"]
[TimeControl "180+1"]
[Date "2022.01.26"]
[WhiteClock "0:00:04"]
[BlackClock "0:00:08"]

1. d4 Nf6 2. c4 g6 3. g3 c6 4. Bg2 d5 5. cxd5 cxd5 6. Nf3 Bg7 7. O-O O-O 8. Nc3 Ne4 9. Bf4 Nc6 10. Rc1 Nxc3 11. bxc3 Bd7 12. Qb3 e6 13. Rfd1 Na5 14. Qb4 b6 15. Ne5 Rc8 16. c4 Bxe5 17. dxe5 Nxc4 18. e4 a5 19. Qb1 Ba4 20. exd5 Bxd1 21. Rxd1 exd5 22. Bxd5 Qe7 23. Qe4 b5 24. a4 Nb2 25. Rb1 Nxa4 26. e6 f5 27. Qe5 Nc3 28. Bg5 Qxg5 29. e7+ Nxd5 30. exf8=Q+ Kxf8 31. Qh8+ Kf7 32. Qxc8 b4 33. Rd1 Ne7 34. Qc4+ Kg7 35. Qc5 b3 36. Qc3+ Kh6 37. Qxb3 Nc6 38. Qc3 Nb4 39. Rd7 Qh5 40. Qg7+ Kg5 41. h4+ Kg4 42. Qd4+ Kh3 43. Qe3 Qg4 44. Qe1 Qf3 45. Qf1+ Kg4 46. Rd4+ Kh5 47. Rf4 Qd5 48. Qe2+ Kh6 49. Kh2 Nc6 50. Ra4 Nd4 51. Qe3+ f4 52. Qxf4+ g5 53. hxg5+ Kh5 54. Qh4+ Kg6 55. Rxd4 1-0


[Site "https://www.chess.com"]